 Dungeon Crawl Stone Soup version 0.29.1-12-g30fa7ad0bf (webtiles) character file.

Game seed: 15367856983917319030

21 theswoord the Chopper (level 2, 13/26 HPs)
             Began as a Minotaur Berserker on Oct 16, 2022.
             Was a Follower of Trog.
             Quit the game on level 2 of the Dungeon on Jan 10, 2023.
             The game lasted 00:07:54 (611 turns).

theswoord the Chopper (Minotaur Berserker)           Turns: 611, Time: 00:07:55

Health: 13/26      AC:  2    Str: 21    XL:     2   Next: 65%
Magic:  1/1        EV: 12    Int:  4    God:    Trog [*.....]
Gold:   71         SH:  0    Dex:  9    Spells: 1/1 levels left

rFire   . . .      SeeInvis .   a - +0 hand axe
rCold   . . .      Faith    .   (no shield)
rNeg    . . .      Spirit   .   b - +0 animal skin
rPois   .          Reflect  .   (helmet restricted)
rElec   .          Harm     .   (no cloak)
rCorr   .          Rampage  .   (no gloves)
Will    .....                   (no boots)
Stlth   +.........              (no amulet)
HPRegen 0.08/turn               (no ring)
MPRegen 0.07/turn               (no ring)

@: on berserk cooldown, slowed, very slow
A: horns 2, retaliatory headbutt
a: Renounce Religion, Berserk


You were on level 2 of the Dungeon.
You worshipped Trog.
Trog was aware of your devotion.
You visited 1 branch of the dungeon, and saw 2 of its levels.

You collected 71 gold pieces.

Inventory:

Hand Weapons
 a - a +0 hand axe (weapon)
Armour
 b - a +0 animal skin (worn)
Scrolls
 g - a scroll of enchant weapon {unknown}
 h - a scroll of identify {unknown}
 j - a scroll of enchant armour {unknown}
 k - a scroll of butterflies {unknown}
 l - a scroll of teleportation {unknown}
Potions
 c - 2 potions of haste {unknown}
 d - 2 potions of heal wounds {unknown}
 e - a potion of invisibility {unknown}
 f - 2 potions of degeneration {unknown}
 i - a potion of resistance {unknown}


   Skills:
 - Level 3.6 Fighting
 + Level 4.9 Axes
 - Level 2.4 Armour
 - Level 2.1 Dodging


You had one spell level left.
You didn't know any spells.
Your spell library was empty.

Dungeon Overview and Level Annotations

Branches:
Dungeon (2/15)

Altars:

Shops:
D:2 :


Innate Abilities, Weirdness & Mutations

You have a pair of horns on your head.
You reflexively headbutt those who attack you in melee.


Message History

The kobold hits you with a +0 club. The bat hits you but does no damage.
Things that are here:
a +0 dagger; 4 stones; a kobold corpse You barely miss the kobold.
You headbutt the kobold.
The kobold is heavily wounded.
You barely miss the bat. The bat completely misses you.
You furiously retaliate!
You headbutt the bat. The bat barely misses you. The kobold closely misses you.
The bat hits you.
A red film seems to cover your vision as you go berserk!
You feel yourself moving faster!
You feel mighty! The bat barely misses you. The kobold hits you with a +0 club.
You slash the kobold!
You kill the kobold!
Trog accepts your kill.
You closely miss the kobold. You barely miss the bat. The bat hits you.
The kobold hits you with a +0 dagger.
You hit the bat.
You kill the bat!
Trog accepts your kill.
You hit the kobold.
You kill the kobold!
Trog accepts your kill. The dart slug launches a dart at you.
The slug dart hits you.
* * * LOW HITPOINT WARNING * * *
Found a wooden wand.
Things that are here:
a +0 club; 4 stones You feel a strong urge to attack something.
You feel your anger nearly subside.
You are no longer berserk.
You are exhausted.
You feel yourself slow down. The dart slug launches a dart at you.
The slug dart misses you.
You slash the dart slug! You headbutt the dart slug.
You kill the dart slug!
Trog accepts your kill.
Are you sure you want to abandon this character and quit the game? (Confirm with "yes".)
Okay, then.
Are you sure you want to abandon this character and quit the game? (Confirm with "yes".)

#.#
.........#
#.#
#........#
#.#
#........###
#.#
#../....... #
#........# #.
#........#
#..#........#
........@...#
#........##.#
#...........#
#####.#))####
#.#).# ######
#(#†.# ......
#######.#..#
######
#..........#
#..........#


There were no monsters in sight!

Vanquished Creatures
  A dart slug (D:2)
  2 endoplasms
  2 giant cockroaches (D:2)
  2 goblins (D:1)
  2 hobgoblins
  2 ball pythons
  2 bats
  A frilled lizard (D:1)
  3 kobolds (D:2)
  A rat (D:1)
18 creatures vanquished.

Notes
Turn   | Place    | Note
-------+----------+-------------------------------------------
     0 | D:1      | theswoord the Minotaur Berserker began the quest for the
                  | Orb.
     0 | D:1      | Reached XP level 1. HP: 19/19 MP: 0/0
     9 | D:1      | Upgraded the game from 0.29.1-1-gd02db6906a to
                  | 0.29.1-12-g30fa7ad0bf
    82 | D:1      | Reached skill level 4 in Axes
   157 | D:1      | Reached XP level 2. HP: 26/26 MP: 1/1
   376 | D:2      | Found Hyuklosm's Book Shoppe.
   611 | D:2      | Quit the game

Skill      XL: |  1 |
---------------+----+-----
Axes           | 4 |  4.9
Fighting       | |  3.6
Armour         | |  2.4
Dodging        | |  2.1

Action                   || total
-------------------------++-------
Melee: Hand axe          ||    21
       Headbutt          ||     3
       Punch             ||     1
       Unarmed           ||    10
Invok: Berserk           ||     1
Armor: Animal skin       ||     3
Dodge: Dodged            ||    23

Levels and vault maps discovered:
D:1:      scummos_arrival_simple_fountains, layout_loops_ring,
          dreamdust_ecumenical_altar_grove
D:2:      layout_loops_ring, serial_shops, nicolae_shop_hallway_plus
